Map: Paladino Terminal LE

Players

Richard - Winner!

  • Race: Zerg Zerg
  • League: Diamond
  • Spawn Location: 9:00

A.I. 1 (Very Easy)

  • Race: Protoss Protoss
  • Spawn Location: 5:00

VOD

Have the link to the VOD?

Description

A Roach/Hydra timing attack that is easy to execute and deals with a variety of different common builds that Protoss use.

Suggested for a Silver or Gold league player.

Time

  • Played on: Feb. 3, 2017, 10:20 p.m.
  • Length: 8:52
Show
View Real Time Build Order
Export as new Build Order

Richard Zerg - Winner!

Build Orders: Hatch First 

Get SALT Encoding   

  12  0:01  Drone  
  13  0:13  Overlord  
  13  0:18  Drone  
  14  0:31  Drone x2  
  14  0:35  Drone  
  17  0:55  Hatchery  
  16  0:59  Drone  
  16  1:02  Drone  
  18  1:05  Extractor  
  17  1:18  Spawning Pool  
  17  1:21  Drone  
  17  1:25  Drone  
  18  1:29  Drone  
  19  1:39  Overlord  
  19  2:05  Queen  
  19  2:07  Zergling x4  
  23  2:09  Queen  
  23  2:12  Metabolic Boost  
  25  2:15  Drone  
  25  2:20  Drone  
  28  2:22  Drone  
  28  2:25  Drone  
  28  2:29  Drone  
  30  2:33  Drone  
  31  2:42  Queen  
  33  2:53  Drone  
  34  3:00  Hatchery  
  34  3:03  Overlord  
  33  3:07  Drone x2  
  33  3:10  Drone  
  36  3:14  Overlord  
  36  3:23  Drone x2  
  36  3:24  Drone x2  
  36  3:26  Drone  
  41  3:28  Drone  
  42  3:35  Roach Warren  
  42  3:37  Drone  
  42  3:39  Drone  
  43  3:42  Drone  
  43  3:46  Overlord  
  44  3:58  Extractor  
  44  4:00  Extractor  
  44  4:01  Drone x3  
  45  4:03  Drone  
  45  4:05  Drone x3  
  45  4:07  Spore Crawler  
  45  4:08  Drone  
  49  4:12  Drone, Spore Crawler  
  49  4:15  Drone  
  50  4:24  Lair  
  50  4:27  Roach x2  
  50  4:30  Spore Crawler  
  55  4:31  Roach x2  
  55  4:35  Roach  
  59  4:40  Roach x2  
  59  4:42  Overlord  
  63  4:46  Overlord  
  63  4:49  Overlord  
  63  4:52  Roach  
  65  5:02  Drone  
  65  5:03  Drone x5  
  65  5:04  Drone  
  65  5:06  Drone  
  73  5:12  Evolution Chamber  
  73  5:13  Drone  
  73  5:14  Drone  
  73  5:15  Evolution Chamber  
  73  5:18  Drone x2  
  73  5:20  Drone  
  76  5:21  Drone  
  76  5:27  Drone  
  76  5:28  Hydralisk Den  
  77  5:32  Overlord  
  77  5:33  Overlord  
  77  5:36  Drone x2, Extractor  
  77  5:38  Drone  
  77  5:39  Drone  
  77  5:42  Extractor  
  79  5:43  Zerg Missile Weapons Level 1  
  79  5:47  Zerg Ground Armor Level 1  
  79  5:58  Muscular Augments  
  79  5:59  Glial Reconstitution  
  79  6:00  Overseer  
  79  6:03  Hydralisk  
  81  6:06  Roach x2  
  85  6:14  Overlord x3  
  85  6:15  Hydralisk  
  85  6:17  Roach x2  
  91  6:19  Hydralisk  
  91  6:21  Roach  
  91  6:23  Roach  
  97  6:26  Hydralisk  
  97  6:28  Roach  
  97  6:31  Roach  
  103  6:36  Hydralisk  
  103  6:37  Roach x2  
  109  6:40  Hydralisk  
  109  6:42  Roach  
  109  6:43  Roach  
  115  6:50  Overlord x2  
  115  6:51  Overlord  
  115  6:53  Hydralisk  
  115  6:56  Roach  
  115  6:58  Roach  
  115  7:01  Hydralisk  
  121  7:03  Roach  
  121  7:05  Roach  
  127  7:12  Hydralisk  
  127  7:13  Roach  
  127  7:14  Roach  
  133  7:20  Hydralisk  
  133  7:21  Roach x2, Hydralisk  
  141  7:23  Roach  
  141  7:26  Roach  
  145  7:39  Hydralisk  
  145  7:40  Roach x2  
  145  7:43  Hydralisk  
  152  7:44  Roach  
  152  7:48  Overlord x3  
  154  8:04  Overlord x2  
  154  8:18  Hydralisk  
  154  8:19  Roach x2, Hydralisk  
  164  8:20  Roach x2  
  164  8:25  Hydralisk  
  164  8:26  Roach x2  
Show
View Real Time Build Order
Export as new Build Order

A.I. 1 (Very Easy) Protoss 

Build Orders: 1 Gate Expand, Nexus First 

Get SALT Encoding   

  12  0:01  Probe (Chrono Boost)  
  13  0:11  Probe (Chrono Boost)  
  14  0:21  Pylon  
  14  0:44  Gateway  
  14  1:05  Nexus  
  14  1:22  Pylon  
  14  1:26  Assimilator  
  14  1:30  Zealot  
  16  1:38  Cybernetics Core  
  16  1:42  Probe (Chrono Boost)  
  17  1:53  Probe (Chrono Boost)  
  18  2:04  Probe (Chrono Boost)  
  18  2:05  Assimilator  
  19  2:15  Probe (Chrono Boost)  
  20  2:16  Stalker  
  20  2:17  Warp Gate  
  20  2:20  Probe (Chrono Boost)  
  23  2:29  Probe (Chrono Boost)  
  24  2:34  Probe (Chrono Boost)  
  25  2:42  Probe (Chrono Boost)  
  26  2:49  Probe (Chrono Boost), Pylon  
  27  2:56  Probe (Chrono Boost)  
  28  3:03  Probe (Chrono Boost)  
  29  3:10  Probe (Chrono Boost)  
  30  3:13  Robotics Facility  
  30  3:18  Probe (Chrono Boost)  
  31  3:28  Probe (Chrono Boost), Zealot  
  34  3:35  Probe (Chrono Boost)  
  35  3:43  Probe (Chrono Boost)  
  36  3:49  Probe (Chrono Boost)  
  37  3:57  Probe (Chrono Boost)  
  37  4:01  Assimilator  
  37  4:02  Observer  
  39  4:03  Probe (Chrono Boost)  
  39  4:07  Assimilator  
  40  4:12  Probe (Chrono Boost)  
  41  4:17  Probe (Chrono Boost)  
  41  4:22  Observer  
  43  4:26  Probe (Chrono Boost)  
  44  4:32  Probe (Chrono Boost)  
  44  4:34  Pylon  
  45  4:40  Probe (Chrono Boost)  
  45  4:41  Sentry  
  48  4:46  Probe (Chrono Boost)  
  49  4:54  Probe (Chrono Boost)  
  50  7:51  Stalker  
  50  7:53  Pylon  
  50  7:57  Probe (Chrono Boost)  
  41  8:03  Observer  
  34  8:11  Probe (Chrono Boost)  
  27  8:19  Zealot  
  29  8:22  Probe (Chrono Boost)  
  25  8:33  Pylon  
  5  8:48  Zealot  
Tags
 
Add a new tag
Caveats
  • Supply blocks, unpowered buildings, or Contaminate may cause inaccurate times.
  • Supply counts are checked every 10 seconds.